Match 34430827
Unlisted

Match 34430827
End
Construct Weapon Support Center
Engineer Squad
Selects Armored Battlegroup
Selects Veteran Crews
M1919 Machine Gun Team
Bazooka Squad
Construct Medical Station
.30 cal Machine Gun
Mechanized Support Center
Selects M31 Recovery Vehicle
.30 cal Machine Gun
Bazooka Squad
Bazooka Squad
.30 cal Machine Gun
Mortar Pit
Construct Tank Depot
.30 cal Machine Gun
M18 Hellcat Tank Destroyer
.30 cal Machine Gun
AI Takeover
Robert3366
random 35
Microsoft Outlook
deadsadbadmad
0
0

Comments sign in to comment!

No comments posted yet!